[Event "GambitGuide"]
[Site "Internet Chess Club"]
[Date "2014.10.31"]
[Round "1"]
[White "JSBach"]
[Black "Chessprincess64"]
[Result "1-0"]
[ICCResult "Black resigns"]
[WhiteElo "1676"]
[BlackElo "2000"]
[Opening "Vienna: `Frankenstein-Dracula' variation"]
[ECO "C27"]
[NIC "VG.02"]
[Time "09:33:44"]
[TimeControl "120+12"]

1. e4 e5 2. Nc3 Nf6 3. Bc4 Nxe4 4. Qh5 Nd6 5. Bb3 Nc6 6. Nb5 g6 7. Qf3 f5 8.
Qd5 Qe7 9. Nxc7+ Kd8 10. Nxa8 b6 11. d3 Bb7 12. Nxb6 axb6 13. Qf3 Bg7 14.
Be3 Kc7 15. Bd5 e4 16. Qe2 Bxb2 17. Rb1 Bc3+ 18. Kf1 b5 19. a4 b4 20. Bc5
exd3 21. cxd3 {Black resigns} 1-0

[Event "GambitGuide"]
[Site "Internet Chess Club"]
[Date "2014.10.31"]
[Round "1"]
[White "JSBach"]
[Black "ClubberLang"]
[Result "1-0"]
[ICCResult "Black resigns"]
[WhiteElo "1676"]
[BlackElo "1684"]
[Opening "Vienna: `Frankenstein-Dracula' variation"]
[ECO "C27"]
[NIC "VG.02"]
[Time "09:34:27"]
[TimeControl "120+12"]

1. e4 e5 2. Nc3 Nf6 3. Bc4 Nxe4 4. Qh5 Nd6 5. Bb3 Nc6 6. Nb5 g6 7. Qf3 f5 8.
Qd5 Qe7 9. Nxc7+ Kd8 10. Nxa8 b6 11. d3 Bb7 12. Nxb6 axb6 13. Qf3 e4 14.
dxe4 Nxe4 15. Be3 Ne5 16. Bxb6+ Ke8 17. Qe3 Ng4 18. Qd4 Ng3+ 19. Kd2 Bh6+
20. Kc3 Bg7 21. hxg3 Bxd4+ 22. Bxd4 Rf8 23. Nf3 Bxf3 24. gxf3 Ne5 25. Rae1
d6 26. Ba4+ Kd8 27. Bb6+ Kc8 28. f4 Qb7 29. fxe5 Qxb6 30. exd6 Qc5+ 31. Kb3
Qxd6 32. Rxh7 Qb6+ 33. Kc4 Rd8 34. c3 Qa6+ 35. Kb4 Qb6+ 36. Bb5 Qd6+ 37. Ka5
Qd5 38. a4 {Black resigns} 1-0

[Event "GambitGuide"]
[Site "Internet Chess Club"]
[Date "2014.10.31"]
[Round "1"]
[White "JSBach"]
[Black "Fianchettoed"]
[Result "1-0"]
[ICCResult "Black resigns"]
[WhiteElo "1676"]
[BlackElo "1444"]
[Opening "Vienna: `Frankenstein-Dracula' variation"]
[ECO "C27"]
[NIC "VG.02"]
[Time "09:36:11"]
[TimeControl "120+12"]

1. e4 e5 2. Nc3 Nf6 3. Bc4 Nxe4 4. Qh5 Nd6 5. Bb3 Nc6 6. Nb5 g6 7. Qf3 f5 8.
Qd5 Qe7 9. Nxc7+ Kd8 10. Nxa8 b6 11. d3 Nd4 12. f4 Bg7 13. fxe5 Bxe5 14. Kd1
Bb7 15. Bg5 Qxg5 16. Qxe5 Qxg2 17. Qf6+ Kc8 18. Qxh8+ {Black resigns} 1-0

[Event "GambitGuide"]
[Site "Internet Chess Club"]
[Date "2014.10.31"]
[Round "1"]
[White "JSBach"]
[Black "Roaringknights"]
[Result "1-0"]
[ICCResult "Black resigns"]
[WhiteElo "1676"]
[BlackElo "1808"]
[Opening "Vienna: `Frankenstein-Dracula' variation"]
[ECO "C27"]
[NIC "VG.02"]
[Time "09:34:43"]
[TimeControl "120+12"]

1. e4 e5 2. Nc3 Nf6 3. Bc4 Nxe4 4. Qh5 Nd6 5. Bb3 Nc6 6. Nb5 g6 7. Qf3 f5 8.
Qd5 Qe7 9. Nxc7+ Kd8 10. Nxa8 b6 11. d3 Nb4 12. Bg5 Nxd5 13. Bxe7+ Nxe7 14.
d4 exd4 15. O-O-O Bg7 16. g4 Bb7 17. f3 Bxa8 18. g5 Bd5 19. Bxd5 Nxd5 20. h4
Ne3 21. Re1 Be5 22. Ne2 f4 23. Rhg1 Ndf5 24. Rh1 d5 25. Rh2 Kd7 26. a4 Kd6
27. Kd2 Rc8 28. c3 Nc4+ 29. Kc2 d3+ 30. Kxd3 Nxb2+ 31. Kd2 Nxa4 32. Ra1 b5
33. Ra3 Rc7 34. Rb3 a6 35. h5 Nxc3 36. Nxc3 Bxc3+ 37. Rxc3 Rxc3 38. Kxc3 Kc5
39. Kd3 a5 40. Rc2+ Kb6 41. hxg6 hxg6 42. Re2 Kc5 43. Re6 b4 44. Rxg6 b3 45.
Rf6 Nh4 46. Rxf4 Ng6 47. Rf5 a4 48. Kc3 {Black resigns} 1-0

[Event "GambitGuide"]
[Site "Internet Chess Club"]
[Date "2014.10.31"]
[Round "1"]
[White "JSBach"]
[Black "parmupill"]
[Result "0-1"]
[ICCResult "White checkmated"]
[WhiteElo "1676"]
[BlackElo "2433"]
[Opening "Vienna: `Frankenstein-Dracula' variation"]
[ECO "C27"]
[NIC "VG.02"]
[Time "09:26:13"]
[TimeControl "120+12"]

1. e4 e5 2. Nc3 Nf6 3. Bc4 Nxe4 4. Qh5 Nd6 5. Bb3 Nc6 6. Nb5 g6 7. Qf3 f5 8.
Qd5 Qe7 9. Nxc7+ Kd8 10. Nxa8 b6 11. d3 Bb7 12. Nxb6 axb6 13. Qf3 Kc7 14.
Bd2 Bg7 15. c3 e4 16. dxe4 Nxe4 17. Be3 Ne5 18. Qf4 d6 19. Rd1 Rf8 20. Bd4
g5 21. Qe3 f4 22. Bxb6+ Kc8 23. Qe2 g4 24. h3 f3 25. gxf3 gxf3 26. Qe3 Qh4
27. Be6+ Kb8 28. Bd5 Bxd5 29. Rxd5 Nc4 30. Ba7+ Ka8 31. Qd3 Kxa7 32. Qxc4
Qxf2+ 33. Kd1 Nc5 34. Rxd6 Re8 35. Qf7+ Nb7 36. Qxe8 Nxd6 37. Qd7+ Nb7 38.
Qxg7 Qf1+ 39. Kd2 f2 40. Kc2 Qe1 41. Qd4+ Ka8 42. Qa4+ Kb8 43. Qf4+ Ka8 44.
Qf8+ Ka7 45. Ne2 Qxe2+ 46. Kb3 Qe6+ 47. Ka3 Qa6+ 48. Kb3 Qb5+ 49. Kc2 Qe2+
50. Kb3 Na5+ 51. Kb4 Nc6+ 52. Ka3 Qa6+ 53. Kb3 Qb5+ 54. Kc2 Qe2+ 55. Kb3
Qe6+ 56. Ka3 Qe2 57. b4 Ne5 58. Qe7+ Kb8 59. Qd6+ Kb7 60. Qd5+ Kb8 61. Qg8+
Kc7 62. Qxh7+ Kb6 63. Qb1 Nc4+ 64. Ka4 Qe8+ 65. b5 Nd2 66. Ka3 Nxb1+ 67.
Rxb1 Qe7+ 68. Kb3 Qe2 69. a4 f1=Q 70. Rxf1 Qxf1 71. Kb4 Qb1+ 72. Ka3 Kc5 73.
h4 Kc4 74. h5 Qa1# {White checkmated} 0-1

[Event "GambitGuide"]
[Site "Internet Chess Club"]
[Date "2014.10.31"]
[Round "1"]
[White "JSBach"]
[Black "nsideurheadbro"]
[Result "1-0"]
[ICCResult "Black resigns"]
[WhiteElo "1696"]
[BlackElo "1184"]
[Opening "Vienna: `Frankenstein-Dracula' variation"]
[ECO "C27"]
[NIC "VG.02"]
[Time "09:37:13"]
[TimeControl "120+12"]

1. e4 e5 2. Nc3 Nf6 3. Bc4 Nxe4 4. Qh5 Nd6 5. Bb3 Nc6 6. Nb5 g6 7. Qf3 f5 8.
Qd5 Qe7 9. Nxc7+ Kd8 10. Nxa8 b6 11. d3 Bb7 12. Nxb6 Nd4 13. Bg5 Qxg5 14.
Qxe5 Nf7 15. Qxd4 axb6 16. Bxf7 {Black resigns} 1-0

[Event "GambitGuide"]
[Site "Internet Chess Club"]
[Date "2014.10.31"]
[Round "1"]
[White "JSBach"]
[Black "Chessprincess64"]
[Result "1-0"]
[ICCResult "Black resigns"]
[WhiteElo "1696"]
[BlackElo "2000"]
[Opening "Vienna: `Frankenstein-Dracula' variation"]
[ECO "C27"]
[NIC "VG.02"]
[Time "09:37:22"]
[TimeControl "120+12"]

1. e4 e5 2. Nc3 Nf6 3. Bc4 Nxe4 4. Qh5 Nd6 5. Bb3 Nc6 6. Nb5 g6 7. Qf3 f5 8.
Qd5 Qe7 9. Nxc7+ Kd8 10. Nxa8 b6 11. d3 Bb7 12. Nxb6 axb6 13. Qf3 Kc7 14.
Be3 e4 15. Qf4 exd3 16. cxd3 Ne5 17. Rc1+ Kb8 18. Qd4 {Black resigns} 1-0

[Event "GambitGuide"]
[Site "Internet Chess Club"]
[Date "2014.10.31"]
[Round "1"]
[White "JSBach"]
[Black "Fianchettoed"]
[Result "1-0"]
[ICCResult "Black resigns"]
[WhiteElo "1696"]
[BlackElo "1444"]
[Opening "Vienna: `Frankenstein-Dracula' variation"]
[ECO "C27"]
[NIC "VG.02"]
[Time "09:37:39"]
[TimeControl "120+12"]

1. e4 e5 2. Nc3 Nf6 3. Bc4 Nxe4 4. Qh5 Nd6 5. Bb3 Nc6 6. Nb5 g6 7. Qf3 f5 8.
Qd5 Qe7 9. Nxc7+ Kd8 10. Nxa8 b6 11. d3 e4 12. dxe4 Nxe4 13. Be3 Qb4+ 14. c3
Nxc3 15. Qd2 Bg7 16. Bg5+ Ke8 17. Nc7+ Kf8 18. bxc3 Bxc3 19. Bh6+
{Black resigns}
1-0

[Event "GambitGuide"]
[Site "Internet Chess Club"]
[Date "2014.10.31"]
[Round "1"]
[White "JSBach"]
[Black "minhas"]
[Result "1-0"]
[ICCResult "Black resigns"]
[WhiteElo "1696"]
[BlackElo "1216"]
[Opening "Vienna: `Frankenstein-Dracula' variation"]
[ECO "C27"]
[NIC "VG.02"]
[Time "09:35:06"]
[TimeControl "120+12"]

1. e4 e5 2. Nc3 Nf6 3. Bc4 Nxe4 4. Qh5 Nd6 5. Bb3 Nc6 6. Nb5 g6 7. Qf3 f5 8.
Qd5 Qe7 9. Nxc7+ Kd8 10. Nxa8 b6 11. d3 Bb7 12. Nxb6 axb6 13. Qf3 Nd4 14.
Qg3 Bg7 15. Bg5 Bf6 16. Bxf6 Qxf6 17. Ba4 b5 18. Bb3 Nxb3 19. axb3 Ke7 20.
Nf3 e4 21. dxe4 Bxe4 22. c3 Nf7 23. Ra5 Bc6 24. Nd4 Re8 25. O-O Kf8 26. Nxb5
Bxb5 27. Rxb5 Nd6 28. Ra5 Ne4 29. Qf4 Qb6 30. Qh6+ Kg8 31. b4 Qd6 32. Re1
Qd2 33. Qxd2 {Black resigns} 1-0

[Event "GambitGuide"]
[Site "Internet Chess Club"]
[Date "2014.10.31"]
[Round "1"]
[White "JSBach"]
[Black "sib39"]
[Result "1-0"]
[ICCResult "Black resigns"]
[WhiteElo "1696"]
[BlackElo "1370"]
[Opening "Vienna: `Frankenstein-Dracula' variation"]
[ECO "C27"]
[NIC "VG.02"]
[Time "09:38:06"]
[TimeControl "120+12"]

1. e4 e5 2. Nc3 Nf6 3. Bc4 Nxe4 4. Qh5 Nd6 5. Bb3 Nc6 6. Nb5 g6 7. Qf3 f5 8.
Qd5 Qe7 9. Nxc7+ Kd8 10. Nxa8 b6 11. d3 Nb4 12. Bg5 Nxd5 13. Bxe7+ Nxe7 14.
d4 exd4 15. Rd1 Bb7 16. Nxb6 axb6 17. Kf1 Ne4 18. Rxd4 Nc6 19. Rd1 Bc5 20.
Nh3 h6 21. f3 Nf6 22. Nf4 g5 23. Ne2 Nh5 24. Be6 Bc8 25. Bxf5 Rf8 26. Be4
Ne5 27. a4 g4 28. Rd5 gxf3 29. gxf3 d6 30. Kg2 Rg8+ 31. Kf1 Bh3+ 32. Ke1 Ke7
33. f4 Nc4 34. Rxh5 Bg4 35. Rxh6 Bxe2 36. Bd5 Rg2 37. Rh7+ Kf6 38. Rf7+ Kg6
39. f5+ Kh5 40. Bxg2 {Black resigns} 1-0

[Event "GambitGuide"]
[Site "Internet Chess Club"]
[Date "2014.10.31"]
[Round "1"]
[White "JSBach"]
[Black "Chessprincess64"]
[Result "1-0"]
[ICCResult "Black resigns"]
[WhiteElo "1677"]
[BlackElo "2000"]
[Opening "Vienna: `Frankenstein-Dracula' variation"]
[ECO "C27"]
[NIC "VG.02"]
[Time "09:39:45"]
[TimeControl "120+12"]

1. e4 e5 2. Nc3 Nf6 3. Bc4 Nxe4 4. Qh5 Nd6 5. Bb3 Nc6 6. Nb5 g6 7. Qf3 f5 8.
Qd5 Qe7 9. Nxc7+ Kd8 10. Nxa8 b6 11. d3 Bb7 12. Nxb6 axb6 13. Qf3 e4 14.
dxe4 Nxe4 15. Be3 Kc7 16. Rd1 Bg7 17. c3 Ne5 18. Qh3 {Black resigns} 1-0

[Event "GambitGuide"]
[Site "Internet Chess Club"]
[Date "2014.10.31"]
[Round "1"]
[White "JSBach"]
[Black "Roaringknights"]
[Result "1-0"]
[ICCResult "Black resigns"]
[WhiteElo "1677"]
[BlackElo "1808"]
[Opening "Vienna: `Frankenstein-Dracula' variation"]
[ECO "C27"]
[NIC "VG.02"]
[Time "09:37:49"]
[TimeControl "120+12"]

1. e4 e5 2. Nc3 Nf6 3. Bc4 Nxe4 4. Qh5 Nd6 5. Bb3 Nc6 6. Nb5 g6 7. Qf3 f5 8.
Qd5 Qe7 9. Nxc7+ Kd8 10. Nxa8 b6 11. d3 Nb4 12. Bg5 Nxd5 13. Bxe7+ Nxe7 14.
d4 exd4 15. Rd1 Bg7 16. g4 Bb7 17. f3 fxg4 18. Nxb6 axb6 19. Rd3 Nc6 20.
fxg4 Ne5 21. Rxd4 Kc7 22. Bd5 Re8 23. Kf2 Ba6 24. Kg3 g5 25. Rb4 Ng6 26. Nf3
Re3 27. Kf2 Re2+ 28. Kg3 Rxc2 29. Re1 h6 30. Bb3 Rxb2 31. Rc1+ Kd8 32. Rd1
Bf8 33. Rc1 Nf4 34. Rxf4 gxf4+ 35. Kxf4 Be7 36. h4 Re2 37. h5 Re4+ 38. Kg3
Nf7 39. Bxf7 Bd6+ 40. Kh3 Rf4 41. Bd5 Be2 42. Rc3 Bxf3 43. Bxf3 Rd4 44. Rb3
Rd2 45. g5 hxg5 46. Rxb6 Kc7 47. Rb7+ Kd8 48. a4 Ra2 49. Bd1 Ke7 50. Bb3 Ra3
51. h6 Ra1 52. Kg4 Rh1 53. Kxg5 {Black resigns} 1-0

[Event "GambitGuide"]
[Site "Internet Chess Club"]
[Date "2014.10.31"]
[Round "1"]
[White "JSBach"]
[Black "Fianchettoed"]
[Result "1-0"]
[ICCResult "Black resigns"]
[WhiteElo "1677"]
[BlackElo "1444"]
[Opening "Vienna: `Frankenstein-Dracula' variation"]
[ECO "C27"]
[NIC "VG.02"]
[Time "09:40:37"]
[TimeControl "120+12"]

1. e4 e5 2. Nc3 Nf6 3. Bc4 Nxe4 4. Qh5 Nd6 5. Bb3 Nc6 6. Nb5 g6 7. Qf3 f5 8.
Qd5 Qe7 9. Nxc7+ Kd8 10. Nxa8 b6 11. d3 Bg7 12. Nh3 h6 13. Ba4 Bb7 14. Nxb6
axb6 15. Qb3 Kc7 16. O-O Nd4 17. Qc3+ Kb8 18. Re1 Qh4 19. Bxd7 Nf3+ 20. gxf3
Bxf3 21. Nf4 Qg4+ 22. Kf1 Qg2+ 23. Nxg2 {Black resigns} 1-0

[Event "GambitGuide"]
[Site "Internet Chess Club"]
[Date "2014.10.31"]
[Round "1"]
[White "JSBach"]
[Black "ClubberLang"]
[Result "1-0"]
[ICCResult "Black checkmated"]
[WhiteElo "1677"]
[BlackElo "1684"]
[Opening "Vienna: `Frankenstein-Dracula' variation"]
[ECO "C27"]
[NIC "VG.02"]
[Time "09:42:35"]
[TimeControl "120+12"]

1. e4 e5 2. Nc3 Nf6 3. Bc4 Nxe4 4. Qh5 Nd6 5. Bb3 Nc6 6. Nb5 g6 7. Qf3 f5 8.
Qd5 Qe7 9. Nxc7+ Kd8 10. Nxa8 b6 11. d3 Bb7 12. Nxb6 axb6 13. Qf3 Nd4 14.
Qh3 e4 15. Be3 Nxb3 16. Bxb6+ Kc8 17. axb3 exd3+ 18. Kf1 Ba6 19. Rxa6 dxc2
20. Qc3+ Kb7 21. Ra7+ Kxb6 22. Qa5+ Kc6 23. Rc7# {Black checkmated} 1-0

[Event "GambitGuide"]
[Site "Internet Chess Club"]
[Date "2014.10.31"]
[Round "1"]
[White "JSBach"]
[Black "Roaringknights"]
[Result "1-0"]
[ICCResult "Black resigns"]
[WhiteElo "1659"]
[BlackElo "1808"]
[Opening "Vienna: `Frankenstein-Dracula' variation"]
[ECO "C27"]
[NIC "VG.02"]
[Time "09:42:45"]
[TimeControl "120+12"]

1. e4 e5 2. Nc3 Nf6 3. Bc4 Nxe4 4. Qh5 Nd6 5. Bb3 Nc6 6. Nb5 g6 7. Qf3 f5 8.
Qd5 Qe7 9. Nxc7+ Kd8 10. Nxa8 b6 11. d3 Nb4 12. Qf3 Bb7 13. Qe3 Bxa8 14. Qg5
Qxg5 15. Bxg5+ Be7 16. Bxe7+ Kxe7 17. f3 Rc8 18. O-O-O Nb5 19. Ne2 d5 20. a3
Na6 21. a4 Nd6 22. Nc3 d4 23. Nd5+ Bxd5 24. Bxd5 Rc5 25. Bb3 f4 26. Rhf1 Nf5
27. Bc4 Ne3 28. Bxa6 {Black resigns} 1-0

[Event "GambitGuide"]
[Site "Internet Chess Club"]
[Date "2014.10.31"]
[Round "1"]
[White "JSBach"]
[Black "doraemon7"]
[Result "1/2-1/2"]
[ICCResult "Game drawn by repetition"]
[WhiteElo "1659"]
[BlackElo "1477"]
[Opening "Vienna: `Frankenstein-Dracula' variation"]
[ECO "C27"]
[NIC "VG.02"]
[Time "09:42:07"]
[TimeControl "120+12"]

1. e4 e5 2. Nc3 Nf6 3. Bc4 Nxe4 4. Qh5 Nd6 5. Bb3 Nc6 6. Nb5 g6 7. Qf3 f5 8.
Qd5 Qe7 9. Nxc7+ Kd8 10. Nxa8 b6 11. d3 Bb7 12. Nxb6 axb6 13. Qf3 Nd4 14.
Qh3 Nxb3 15. axb3 Bg7 16. Be3 Nc8 17. Nf3 d5 18. Bg5 Bf6 19. Qh4 Bxg5 20.
Nxg5 Kd7 21. O-O h6 22. Nf3 g5 23. Qh5 e4 24. Rfe1 Qc5 25. Qg6 exf3 26.
Qxf5+ Kc7 27. Qe5+ Qd6 28. Qxh8 fxg2 29. Qg7+ Kb8 30. Kxg2 d4+ 31. Kg1 Qd5
32. Re4 Qc5 33. Rxd4 Qc6 34. Qe5+ Qc7 35. Qe2 Qc6 36. Qe5+ Qc7 37. Qe2 Qc6
38. Qe5+ Qc7 39. Qe2 Qc6 40. Qe5+ Qc7 41. Qe2 Qc6 42. Qe5+ Qc7 43. Qe2 Qc6
44. Qe5+ Qc7 45. Qe2 Qc6 46. Qe5+ Qc7 47. Qe2 Qc6 48. Qe5+ Qc7 49. Qe2
{Game drawn by repetition}
1/2-1/2

[Event "GambitGuide"]
[Site "Internet Chess Club"]
[Date "2014.10.31"]
[Round "1"]
[White "JSBach"]
[Black "Fianchettoed"]
[Result "1-0"]
[ICCResult "Black resigns"]
[WhiteElo "1659"]
[BlackElo "1444"]
[Opening "Vienna: `Frankenstein-Dracula' variation"]
[ECO "C27"]
[NIC "VG.02"]
[Time "09:43:11"]
[TimeControl "120+12"]

1. e4 e5 2. Nc3 Nf6 3. Bc4 Nxe4 4. Qh5 Nd6 5. Bb3 Nc6 6. Nb5 g6 7. Qf3 f5 8.
Qd5 Qe7 9. Nxc7+ Kd8 10. Nxa8 b6 11. d3 Bg7 12. Ba4 Bb7 13. Nxb6 axb6 14.
Qb3 Kc7 15. Be3 Nd4 16. Qc3+ Kb8 17. Qb4 Ka7 18. f3 Rc8 19. Ne2 Rxc2 20.
Bxd4 exd4 21. Bxc2 {Black resigns} 1-0

[Event "GambitGuide"]
[Site "Internet Chess Club"]
[Date "2014.10.31"]
[Round "1"]
[White "JSBach"]
[Black "Fianchettoed"]
[Result "1-0"]
[ICCResult "Black resigns"]
[WhiteElo "1679"]
[BlackElo "1444"]
[Opening "Vienna: `Frankenstein-Dracula' variation"]
[ECO "C27"]
[NIC "VG.02"]
[Time "09:44:48"]
[TimeControl "120+12"]

1. e4 e5 2. Nc3 Nf6 3. Bc4 Nxe4 4. Qh5 Nd6 5. Bb3 Nc6 6. Nb5 g6 7. Qf3 f5 8.
Qd5 Qe7 9. Nxc7+ Kd8 10. Nxa8 b6 11. d3 Bg7 12. Nh3 h6 13. Ba4 Bb7 14. Nxb6
axb6 15. Qb3 Kc7 16. Be3 Nd4 17. Qc3+ Kb8 18. Qb4 b5 19. c3 {Black resigns}
1-0

[Event "GambitGuide"]
[Site "Internet Chess Club"]
[Date "2014.10.31"]
[Round "1"]
[White "JSBach"]
[Black "ClubberLang"]
[Result "1-0"]
[ICCResult "Black resigns"]
[WhiteElo "1679"]
[BlackElo "1684"]
[Opening "Vienna: `Frankenstein-Dracula' variation"]
[ECO "C27"]
[NIC "VG.02"]
[Time "09:43:32"]
[TimeControl "120+12"]

1. e4 e5 2. Nc3 Nf6 3. Bc4 Nxe4 4. Qh5 Nd6 5. Bb3 Nc6 6. Nb5 g6 7. Qf3 f5 8.
Qd5 Qe7 9. Nxc7+ Kd8 10. Nxa8 b6 11. d3 Bb7 12. Nxb6 axb6 13. Qf3 Nd4 14.
Qh3 Bg7 15. Be3 Nxb3 16. Bxb6+ Kc8 17. axb3 e4 18. d4 Nb5 19. Ra4 Qd6 20.
Bc5 Qc6 21. Rc4 Ba6 22. Be7 {Black resigns} 1-0

[Event "GambitGuide"]
[Site "Internet Chess Club"]
[Date "2014.10.30"]
[Round "1"]
[White "JSBach"]
[Black "KnightOfNee"]
[Result "1-0"]
[ICCResult "Black resigns"]
[WhiteElo "1679"]
[BlackElo "1505"]
[Opening "Vienna: `Frankenstein-Dracula' variation"]
[ECO "C27"]
[NIC "VG.02"]
[Time "18:35:25"]
[TimeControl "120+12"]

1. e4 e5 2. Nc3 Nf6 3. Bc4 Nxe4 4. Qh5 Nd6 5. Bb3 Nc6 6. Nb5 g6 7. Qf3 f5 8.
Qd5 Qe7 9. Nxc7+ Kd8 10. Nxa8 b6 11. Ba4 Bb7 12. Nxb6 axb6 13. Qb3 Nc8 14.
Ne2 Nd4 15. Nxd4 exd4+ 16. Kf1 Qe4 17. f3 Qf4 18. d3 Qe5 19. Bg5+ Be7 20.
Bxe7+ Qxe7 21. Re1 Qd6 22. Qc4 Ne7 23. Qf7 h5 24. Bb3 Re8 25. Kg1 Qb4 26.
Re2 h4 27. a3 Qd6 28. Qh7 g5 29. Bf7 Rf8 30. Qg7 Nc6 31. Qxg5+ Kc7 32. Bc4
h3 33. Qg3 f4 34. Qxh3 Rf6 35. Qh8 Rg6 36. Qe8 Na5 37. Kf2 Nxc4 38. dxc4 d3
39. cxd3 Qd4+ 40. Ke1 Qxd3 41. Rd2 Qb1+ 42. Rd1 Qf5 43. Rxd7+ Qxd7 44. Qxg6
Qd3 45. Qxd3 {Black resigns} 1-0

[Event "GambitGuide"]
[Site "Internet Chess Club"]
[Date "2014.10.31"]
[Round "1"]
[White "JSBach"]
[Black "doraemon7"]
[Result "1-0"]
[ICCResult "Black checkmated"]
[WhiteElo "1679"]
[BlackElo "1477"]
[Opening "Vienna: `Frankenstein-Dracula' variation"]
[ECO "C27"]
[NIC "VG.02"]
[Time "09:45:05"]
[TimeControl "120+12"]

1. e4 e5 2. Nc3 Nf6 3. Bc4 Nxe4 4. Qh5 Nd6 5. Bb3 Nc6 6. Nb5 g6 7. Qf3 f5 8.
Qd5 Qe7 9. Nxc7+ Kd8 10. Nxa8 b6 11. d3 Bb7 12. Nxb6 axb6 13. Qf3 Nd4 14.
Qg3 e4 15. Bg5 exd3+ 16. Bxe7+ Bxe7 17. Qe5 Re8 18. cxd3 Nxb3 19. axb3 Bxg2
20. Qe3 Bg5 21. Qxe8+ Kxe8 22. h4 Bf4 23. Ne2 Bxh1 24. Nxf4 Nf7 25. Ra6 Ne5
26. Rxb6 Nf3+ 27. Kd1 Nxh4 28. Kc2 Bc6 29. b4 Nf3 30. b3 Nd4+ 31. Kc3 Ne6
32. Nxe6 dxe6 33. Rxc6 Kd7 34. b5 h5 35. f4 h4 36. Rc5 h3 37. b6 h2 38. b7
h1=Q 39. b8=Q Qc1+ 40. Kd4 Qb2+ 41. Ke3 Qb1 42. Qb7+ Ke8 43. Rc8#
{Black checkmated}
1-0

[Event "GambitGuide"]
[Site "Internet Chess Club"]
[Date "2014.10.31"]
[Round "1"]
[White "JSBach"]
[Black "Roaringknights"]
[Result "1/2-1/2"]
[ICCResult "Game drawn by repetition"]
[WhiteElo "1696"]
[BlackElo "1808"]
[Opening "Vienna: `Frankenstein-Dracula' variation"]
[ECO "C27"]
[NIC "VG.02"]
[Time "09:44:36"]
[TimeControl "120+12"]

1. e4 e5 2. Nc3 Nf6 3. Bc4 Nxe4 4. Qh5 Nd6 5. Bb3 Nc6 6. Nb5 g6 7. Qf3 f5 8.
Qd5 Qe7 9. Nxc7+ Kd8 10. Nxa8 b6 11. d3 Nb4 12. Qf3 Bb7 13. Qh3 Bxa8 14. Bd2
Nc6 15. Bd5 Bg7 16. a4 a5 17. Be3 Kc7 18. Qf3 g5 19. Ne2 g4 20. Qg3 h5 21.
Bxc6 Bxc6 22. O-O-O h4 23. Bxb6+ Kxb6 24. Qe3+ Kb7 25. Rhe1 Bh6 26. Nf4 Bxf4
27. Qxf4 exf4 28. Rxe7 Kc7 29. Rg1 Bxa4 30. Re5 Re8 31. Rxa5 Bc6 32. b4 Re2
33. f3 g3 34. h3 Nb5 35. c4 Nc3 36. Rxf5 Ra2 37. Re1 Ne2+ 38. Kb1 Nc3+ 39.
Kc1 Ne2+ 40. Kb1 Nc3+ 41. Kc1 Ne2+ 42. Kb1 Nc3+ 43. Kc1
{Game drawn by repetition}
1/2-1/2

[Event "GambitGuide"]
[Site "Internet Chess Club"]
[Date "2014.10.31"]
[Round "1"]
[White "JSBach"]
[Black "Kingfish"]
[Result "0-1"]
[ICCResult "White checkmated"]
[WhiteElo "1696"]
[BlackElo "1472"]
[Opening "Vienna: `Frankenstein-Dracula' variation"]
[ECO "C27"]
[NIC "VG.02"]
[Time "09:45:32"]
[TimeControl "120+12"]

1. e4 e5 2. Nc3 Nf6 3. Bc4 Nxe4 4. Qh5 Nd6 5. Bb3 Nc6 6. Nb5 g6 7. Qf3 f5 8.
Qd5 Qe7 9. Nxc7+ Kd8 10. Nxa8 b6 11. d3 Bb7 12. Nxb6 axb6 13. Qf3 Na5 14.
Qg3 h6 15. Be3 Kc7 16. Qxg6 f4 17. Bd2 Qg7 18. Qxg7 Bxg7 19. Bxa5 bxa5 20.
f3 Re8 21. Ne2 Nb5 22. c4 Nd4 23. Nxd4 exd4+ 24. Kf2 Re3 25. Rhd1 Kd6 26.
Rac1 Kc5 27. Bc2 d5 28. b3 dxc4 29. bxc4 Bc6 30. Re1 Bf6 31. Re2 Bd7 32.
Rce1 Kb4 33. g3 Bg5 34. h4 fxg3+ 35. Kxg3 Rxe2 36. Rxe2 Be3 37. f4 Kc3 38.
c5 Bb5 39. Bb1 Bxd3 40. Rxe3 dxe3 41. Bxd3 Kxd3 42. f5 e2 43. Kf2 Kd2 44.
Kg3 e1=Q+ 45. Kg4 Qe5 46. c6 Qc5 47. c7 Qxc7 48. a3 Qe7 49. Kh5 Qxa3 50.
Kxh6 Qh3 51. Kg5 Qg3+ 52. Kh5 a4 53. f6 Qg8 54. Kh6 a3 55. f7 Qxf7 56. Kg5
a2 57. Kg4 Qg7+ 58. Kh5 Qh7+ 59. Kg4 Qxh4+ 60. Kxh4 a1=Q 61. Kg4 Qc3 62. Kf4
Qe3+ 63. Kf5 Qd4 64. Ke6 Ke3 65. Kf5 Qf4+ 66. Ke6 Qg5 67. Kd6 Kd4 68. Kd7
Qd5+ 69. Ke8 Qb7 70. Kd8 Ke5 71. Ke8 Kf6 72. Kd8 Ke6 73. Ke8 Qb8#
{White checkmated}
0-1

[Event "GambitGuide"]
[Site "Internet Chess Club"]
[Date "2014.10.31"]
[Round "1"]
[White "JSBach"]
[Black "Littlegiorgio"]
[Result "1-0"]
[ICCResult "Black resigns"]
[WhiteElo "1696"]
[BlackElo "987"]
[Opening "Vienna: `Frankenstein-Dracula' variation"]
[ECO "C27"]
[NIC "VG.02"]
[Time "09:48:47"]
[TimeControl "120+12"]

1. e4 e5 2. Nc3 Nf6 3. Bc4 Nxe4 4. Qh5 Nd6 5. Bb3 Nc6 6. Nb5 g6 7. Qf3 f5 8.
Qd5 Qe7 9. Nxc7+ Kd8 10. Nxa8 b6 11. d3 Nb4 12. Qf3 e4 13. dxe4 fxe4 14. Qc3
Nb5 15. Qxh8 Bb7 16. Bg5 {Black resigns} 1-0

[Event "GambitGuide"]
[Site "Internet Chess Club"]
[Date "2014.10.31"]
[Round "1"]
[White "JSBach"]
[Black "Zwischenzug"]
[Result "1-0"]
[ICCResult "Black resigns"]
[WhiteElo "1696"]
[BlackElo "1743"]
[Opening "Vienna: `Frankenstein-Dracula' variation"]
[ECO "C27"]
[NIC "VG.02"]
[Time "09:48:44"]
[TimeControl "120+12"]

1. e4 e5 2. Nc3 Nf6 3. Bc4 Nxe4 4. Qh5 Nd6 5. Bb3 Nc6 6. Nb5 g6 7. Qf3 f5 8.
Qd5 Qe7 9. Nxc7+ Kd8 10. Nxa8 b6 11. d3 Bb7 12. Nxb6 axb6 13. Qf3 Bg7 14.
Be3 Kc7 15. Bd5 e4 16. Qe2 exd3 17. Qxd3 Re8 18. Bxc6 dxc6 19. O-O-O c5 20.
Bf4 Be5 21. Bxe5 Qxe5 22. Nf3 Bxf3 23. Qxf3 Nc4 24. c3 g5 25. h4 g4 26. Qd3
Qf4+ 27. Kb1 Re7 28. Qd8+ {Black resigns} 1-0

[Event "GambitGuide"]
[Site "Internet Chess Club"]
[Date "2014.10.31"]
[Round "1"]
[White "JSBach"]
[Black "fearlessone"]
[Result "1-0"]
[ICCResult "Black resigns"]
[WhiteElo "1701"]
[BlackElo "1812"]
[Opening "Vienna: `Frankenstein-Dracula' variation"]
[ECO "C27"]
[NIC "VG.02"]
[Time "09:47:40"]
[TimeControl "120+12"]

1. e4 e5 2. Nc3 Nf6 3. Bc4 Nxe4 4. Qh5 Nd6 5. Bb3 Nc6 6. Nb5 g6 7. Qf3 f5 8.
Qd5 Qe7 9. Nxc7+ Kd8 10. Nxa8 b6 11. d3 Bb7 12. Nxb6 axb6 13. Qf3 e4 14.
dxe4 Nxe4 15. Be3 Ne5 16. Bxb6+ Ke8 17. Qe3 Ng4 18. Qd4 Bg7 19. Bd8 Bxd4 20.
Bxe7 Bxf2+ 21. Ke2 Kxe7 22. c4 Bxg1 23. Rhxg1 Re8 24. h3 Ngf6 25. a4 Kd8 26.
Kd1 Nc5 27. Bc2 Be4 28. b4 Bxc2+ 29. Kxc2 Nce4 30. b5 d5 31. Rad1 Re5 32.
Rge1 Kc7 33. c5 d4 34. c6 d3+ 35. Rxd3 Rc5+ 36. Kb3 Nd5 37. Red1 Rc3+ 38.
Rxc3 Nexc3 39. Rd3 Nxb5 40. axb5 Nf4 41. Rd7+ Kb6 42. Rb7+ Kc5 43. c7 Kd6
44. c8=Q {Black resigns} 1-0